 Dungeon Crawl Stone Soup version 0.20.1-1-g8b1a95d (webtiles) character file.

605 Bekkur the Skirmisher (level 7, -8/60 HPs)
             Began as a Demonspawn Gladiator on July 4, 2017.
             Was a Believer of Uskayaw.
             Mangled by a two-headed ogre
             ... wielding a +0 giant club
              (9 damage)
             ... on level 4 of the Dungeon.
             The game lasted 00:11:38 (4173 turns).

Bekkur the Skirmisher (Demonspawn Gladiator)        Turns: 4173, Time: 00:11:38

Health: -8/60      AC:  5    Str: 16    XL:     7   Next: 19%
Magic:  0/7        EV: 15    Int:  9    God:    Uskayaw [**....]
Gold:   95         SH:  5    Dex: 20    Spells: 6/6 levels left

rFire    . . .     SeeInvis .   a - +1 rapier
rCold    + . .     Gourm    .   o - +0 buckler
rNeg     . . .     Faith    .   i - +0 scale mail
rPois    +         Spirit   +   c - +1 helmet
rElec    .         Reflect  .   (no cloak)
rCorr    .         Harm     .   (no gloves)
MR       +....                  (no boots)
Stlth    +.........             m - amulet of inaccuracy (curse)
Regen    0.2/turn               j - ring of protection from cold
MPRegen  0.1/turn               (no ring)

@: agile, flying
A: claws 1, talons 1, deformed body, magic resistance 1, poison resistance,
magic shield
a: Stomp, Line Pass, Renounce Religion


You were on level 4 of the Dungeon.
You worshipped Uskayaw.
Uskayaw was noncommittal.
You were not hungry.

You visited 1 branch of the dungeon, and saw 4 of its levels.

You collected 95 gold pieces.

Inventory:

Hand Weapons
 a - a +1 rapier (weapon)
Missiles
 d - 3 throwing nets (quivered)
Armour
 c - a +1 helmet (worn)
 i - a +0 scale mail (worn)
 o - a +0 buckler (worn)
Jewellery
 j - a ring of protection from cold (left claw)
 m - a cursed amulet of inaccuracy (around neck)
Scrolls
 l - a scroll of blinking
Potions
 h - 2 potions of cancellation
Comestibles
 f - 3 bread rations
 g - a royal jelly
 k - 4 fruits
 n - 3 meat rations


   Skills:
 - Level 7.0 Fighting
 - Level 2.6 Short Blades
 - Level 1.7 Throwing
 - Level 2.6 Dodging
 + Level 3.2 Shields


You had 6 spell levels left.
You didn't know any spells.

Dungeon Overview and Level Annotations

Branches:
Dungeon (4/15)
 Temple: D:4-7

Altars:
Dithmenos
Gozag
Uskayaw
Yredelemnul
Zin

Annotations:
D:3 exclusion: downstairs
D:4 Sigmund


Innate Abilities, Weirdness & Mutations

You have sharp fingernails.
You have sharp toenails.
When hurt, damage is shared between your health and your magic reserves.
Armour fits poorly on your strangely shaped body.
You are resistant to hostile enchantments. (MR+)
Your system is resistant to poisons. (rPois)


Message History

You can now pass through a line of other dancers.
You hit the worker ant.
You kill the worker ant!
You barely miss the two-headed ogre. Your kick misses the two-headed ogre.
The two-headed ogre hits you with a giant club!
The two-headed ogre closely misses you.
An orc comes into view.
The orc shouts!
It was a potion of flight.
You feel very buoyant.
You fly up into the air.
The two-headed ogre hits you with a giant club! x2
* * * LOW HITPOINT WARNING * * *
It was a potion of agility.
You feel agile all of a sudden.
You barely miss the two-headed ogre.
The two-headed ogre hits you with a giant club!
* * * LOW HITPOINT WARNING * * *
The two-headed ogre hits you with a giant club!
You die...

#..#..###...###.#
#...## ##.# ###...##
##.## #.# #...# #.# #
##.## #... .........#
#.# # #.#
######.#####.#. ).#
#.# #.......... #.# #
#.# #o.......... #.. .
#.# #..# ##.#### ###
#.## ###..####.# #..#
#.O@....... ##.#
##.##.###### #.#
#......... #.#
#......... #.#
#.........# #.#
##.........# #.#
#............
#.######..........##
##
.####.................
#.


You could see a two-headed ogre and an orc.

Vanquished Creatures
  A phantom (D:4)
  A big kobold (D:3)
  An orc priest (D:3)
  Jessica (D:3)
  Terence (D:3)
  An iguana (D:4)
  2 orc wizards (D:4)
  4 worker ants (D:4)
  8 adders
  2 oozes
  5 worms (D:2)
  2 dart slugs
  A leopard gecko (D:3)
  10 orcs
  A ball python (D:3)
  5 giant cockroaches
  9 goblins
  10 hobgoblins
  3 jackals (D:3)
  3 quokkas (D:3)
  7 bats
  8 frilled lizards
  4 kobolds
  A quokka skeleton (D:4)
  8 rats
99 creatures vanquished.

Notes
Turn   | Place    | Note
-------+----------+-------------------------------------------
     0 | D:1      | Bekkur the Demonspawn Gladiator began the quest for the Orb.
     0 | D:1      | Reached XP level 1. HP: 16/16 MP: 1/1
    92 | D:1      | Gained mutation: When hurt, damage is shared between your health and your magic reserves. [demonic ancestry]
    92 | D:1      | Reached XP level 2. HP: 22/23 MP: 2/2
   192 | D:1      | Reached skill level 3 in Fighting
   671 | D:2      | Found a basalt altar of Yredelemnul.
   694 | D:2      | Gained mutation: You have sharp toenails. [demonic ancestry]
   694 | D:2      | Reached XP level 3. HP: 10/29 MP: 3/3
  1110 | D:2      | Found a shadowy altar of Dithmenos.
  1304 | D:2      | Reached skill level 4 in Fighting
  1534 | D:2      | Reached XP level 4. HP: 30/37 MP: 2/4
  1777 | D:3      | Noticed Jessica
  1781 | D:3      | Killed Jessica
  1781 | D:3      | Reached skill level 5 in Fighting
  1811 | D:3      | Found an opulent altar of Gozag.
  1812 | D:3      | Found a glowing silver altar of Zin.
  1918 | D:3      | Noticed Terence
  1934 | D:3      | Killed Terence
  1934 | D:3      | Gained mutation: You have sharp fingernails. [demonic ancestry]
  1934 | D:3      | Reached XP level 5. HP: 14/44 MP: 2/5
  2436 | D:3      | Noticed a dagger
  2437 | D:3      | Found a hide-covered altar of Uskayaw.
  2438 | D:3      | Noticed a dagger
  2456 | D:3      | Became a worshipper of Uskayaw the Reveler
  2521 | D:3      | Reached * piety under Uskayaw
  2556 | D:3      | Reached ** piety under Uskayaw
  2558 | D:3      | Reached skill level 6 in Fighting
  2563 | D:3      | Reached *** piety under Uskayaw
  2951 | D:3      | Reached XP level 6. HP: 50/53 MP: 6/6
  2998 | D:4      | Noticed Sigmund
  3001 | D:4      | Gained mutation: Your system is resistant to poisons. (rPois) [potion of mutation]
  3001 | D:4      | Gained mutation: Armour fits poorly on your strangely shaped body. [potion of mutation]
  3001 | D:4      | Gained mutation: You are resistant to hostile enchantments. (MR+) [potion of mutation]
  3343 | D:4      | Reached skill level 7 in Fighting
  3811 | D:4      | Reached XP level 7. HP: 60/60 MP: 7/7
  4166 | D:4      | Noticed a two-headed ogre
  4173 | D:4      | HP: 1/60 [two-headed ogre/giant club (8)]
  4173 | D:4      | Mangled by a two-headed ogre

Skill      XL: |  1  2  3  4  5  6  7 |
---------------+----------------------+-----
Fighting       | 3 4 5 6 7 |  7.0
Shields        | 2 3 |  3.2
Short Blades   | |  2.6
Throwing       | |  1.7
Dodging        | |  2.6

Action                   |  1- 3 |  4- 6 |  7- 9 || total
-------------------------+-------+-------+-------++-------
Melee: Rapier            |   113 |   257 |    39 ||   409
       Kick              |     9 |    63 |     5 ||    77
  Use: Scroll            |     7 |     5 |       ||    12
       Potion            |       |     3 |     2 ||     5
  Eat: Chunk             |     2 |     8 |     1 ||    11
Armor: Leather armour    |    23 |    20 |       ||    43
       Scale mail        |       |    63 |    14 ||    77
Dodge: Dodged            |    52 |   103 |    15 ||   170
Block: Buckler           |       |    11 |     3 ||    14
